 Dungeon Crawl Stone Soup version 0.24.0-13-gcf9b319 (webtiles) character file.

Game seed: 13887013346273651439, levelgen mode: deterministic

19 Bronimir the Stinger (level 2, -3/20 HPs)
             Began as a Formicid Venom Mage on Mar 3, 2020.
             Slain by an adder (5 damage)
             ... on level 2 of the Dungeon.
             The game lasted 00:01:54 (583 turns).

Bronimir the Stinger (Formicid Venom Mage)           Turns: 583, Time: 00:01:54

Health: -3/20      AC:  2    Str: 12    XL:     2   Next: 95%
Magic:  0/5        EV: 12    Int: 14    God:
Gold:   105        SH:  0    Dex: 11    Spells: 2/5 levels left

rFire    . . .     SeeInvis +   r - +0 whip
rCold    . . .     Gourm    .   (no shield)
rNeg     . . .     Faith    .   a - +0 robe
rPois    .         Spirit   .   (helmet unavailable)
rElec    .         Reflect  .   (no cloak)
rCorr    .         Harm     .   (no gloves)
MR       .....                  (no boots)
Stlth    ++........             (no amulet)
HPRegen  0.06/turn              k - ring of see invisible
MPRegen  0.09/turn              (no ring)

@: very slightly contaminated
A: permanent stasis, dig shafts and tunnels, four strong arms, antennae 3
a: Dig, Shaft Self


You were on level 2 of the Dungeon.
You were not hungry.

You visited 1 branch of the dungeon, and saw 2 of its levels.

You collected 105 gold pieces.

Inventory:

Hand Weapons
 m - a +0 club
 r - a +0 whip (weapon)
Missiles
 d - 79 stones
 i - a javelin (quivered)
 l - 13 sling bullets
 q - 23 bolts
Armour
 a - a +0 robe (worn)
 f - a +0 shield
Jewellery
 k - a ring of see invisible (left hand)
Scrolls
 j - a scroll of fog {unknown}
 n - 2 scrolls of identify {unknown}
 p - a scroll of blinking {unknown}
Potions
 b - 2 potions of cancellation {unknown}
 e - a potion of flight {unknown}
 g - a potion of curing {unknown}
 o - a potion of agility {unknown}
Comestibles
 c - 4 rations


   Skills:
 * Level 0.3 Fighting
 + Level 0.1 Maces & Flails
 + Level 0.1 Throwing
 + Level 1.8 Dodging
 - Level 2.4 Stealth
 * Level 0.2 Shields
 + Level 0.2 Unarmed Combat
 + Level 2.3 Spellcasting
 + Level 0.8 Conjurations
 * Level 4.8 Poison Magic


You had 2 spell levels left.
You knew the following spells:

 Your Spells              Type           Power        Failure   Level  Hunger
a - Sting                 Conj/Pois      #...         7%          1    #......
b - Poisonous Vapours     Pois/Air       #.....       13%         2    ###....

Your spell library contained the following spells:

 Spells                   Type           Power        Failure   Level  Hunger
 Olgreb's Toxic Radiance  Pois           ###.....     30%         4    #####..
 Mephitic Cloud           Conj/Pois/Air  #.......     32%         3    ###....
 Venom Bolt               Conj/Pois      #.........   89%         5    ######.


Dungeon Overview and Level Annotations

Branches:
Dungeon (2/15)

Altars:


Innate Abilities, Weirdness & Mutations

You cannot be hasted, slowed, berserked, paralysed or teleported.
You can dig through walls and to a lower floor.
Your four strong arms can wield two-handed weapons with a shield.
You have a pair of large antennae on your head. (SInv)


Message History

Aiming: Sting (safe; 7% risk of failure)
Press: ? - help, Shift-Dir - straight line, f/p - rat
Aim: a rat The sting hits the adder.
The adder is almost dead.
The adder barely misses you.
Throwing (i - inventory. (/) - cycle)
i - 3 javelins (quivered)
Press: ? - help, Shift-Dir - straight line, f/p - rat
Aim: a rat You throw a javelin.
The javelin closely misses the adder.
The javelin pierces through the rat.
You kill the rat!
The adder closely misses you. The adder bites you.
* * * LOW HITPOINT WARNING * * *
Throwing (i - inventory. (/) - cycle)
i - 2 javelins (quivered)
Press: ? - help, Shift-Dir - straight line, f - adder
Aim: an adder (almost dead)
You throw a javelin. The javelin closely misses the adder.
The adder closely misses you. The adder bites you.
You die...

..
###################...
.....................
....................
..#####....)....#..
###+##.# #.#######.#
#......#####.# #
#......'..@S(#
#......#######
#......#
######......########
...................+
######......#####'##
#......#......#
#......#......# .#
#...†..#....).# .#


You could see an adder.

Vanquished Creatures
  A leopard gecko (D:1)
  2 giant cockroaches (D:1)
  3 goblins (D:1)
  A hobgoblin (D:1)
  4 bats
  A frilled lizard (D:2)
  3 kobolds (D:2)
  4 rats
19 creatures vanquished.

Notes
Turn   | Place    | Note
-------+----------+-------------------------------------------
     0 | D:1      | Bronimir the Formicid Venom Mage began the quest for the
                  | Orb.
     0 | D:1      | Reached XP level 1. HP: 13/13 MP: 3/3
    99 | D:1      | Reached XP level 2. HP: 16/19 MP: 5/5
   320 | D:1      | Learned a level 2 spell: Poisonous Vapours
   583 | D:2      | Slain by an adder

Levels and vault maps discovered:
D:1:      dpeg_arrival_stone_temple_mockup, layout_rooms,
          chequers_serial_rivers_large_a, minmay_fountain_box
D:2:      layout_basic, minmay_crystal_room

Action                   || total
-------------------------++-------
Melee: Unarmed           ||    15
       Whip              ||     9
       Club              ||     8
Throw: Javelin           ||    17
 Cast: Sting             ||     6
       Poisonous Vapours ||     2
Armor: Robe              ||     8
Dodge: Dodged            ||    45
